 Dungeon Crawl Stone Soup version 0.28-b1-25-g9875b3fc8c (webtiles) character file.

Game seed: 5363410826787831956

15 growler the Gusty (level 2, 0/15 HPs)
             Began as a Tengu Air Elementalist on Jan 31, 2022.
             Hit by a stone thrown by a kobold (4 damage)
             ... on level 1 of the Dungeon.
             The game lasted 00:01:22 (400 turns).

growler the Gusty (Tengu Air Elementalist)           Turns: 400, Time: 00:01:23

Health: 0/15       AC:  2    Str:  8    XL:     2   Next: 50%
Magic:  6/6        EV: 12    Int: 15    God:
Gold:   26         SH:  0    Dex: 14    Spells: 2/5 levels left

rFire   . . .      SeeInvis .   (no weapon)
rCold   . . .      Faith    .   (no shield)
rNeg    . . .      Spirit   .   a - +0 robe
rPois   .          Reflect  .   (helmet restricted)
rElec   .          Harm     .   (no cloak)
rCorr   .          Rampage  .   (no gloves)
Will    .....                   (boots unavailable)
Stlth   ++........              (no amulet)
HPRegen 0.05/turn               (no ring)
MPRegen 0.10/turn               (no ring)

@: no status effects
A: beak, talons 3
a: no special abilities


You were on level 1 of the Dungeon.
You visited 1 branch of the dungeon, and saw 1 of its levels.

You collected 26 gold pieces.

Inventory:

Armour
 a - a +0 robe (worn)
Scrolls
 b - a scroll of fog {unknown}
 c - a scroll of enchant armour {unknown}
 d - a scroll of fear {unknown}


   Skills:
 - Level 2.1 Dodging
 - Level 2.0 Stealth
 + Level 2.3 Spellcasting
 + Level 2.2 Conjurations
 + Level 4.3 Air Magic


You had 2 spell levels left.
You knew the following spells:

 Your Spells              Type           Power      Damage    Failure   Level
a - Shock                 Conj/Air       44%        1d5       5%          1
d - Static Discharge      Conj/Air       11%        N/A       9%          2

Your spell library contained the following spells:

 Spells                   Type           Power      Damage    Failure   Level
 Swiftness                Air            14%        N/A       11%         3
 Airstrike                Air            7%         N/A       34%         4


Dungeon Overview and Level Annotations

Branches:
Dungeon (1/15)

Altars:


Innate Abilities, Weirdness & Mutations

You have a beak for a mouth.
You have claws for feet.


Message History

The zap hits the hobgoblin.
The hobgoblin shouts!
Aim: a hobgoblin (moderately wounded, 68% to hit)
The zap hits the hobgoblin.
Aim: a hobgoblin (severely wounded, 68% to hit)
The zap hits the hobgoblin but does no damage.
Aim: a hobgoblin (severely wounded, 68% to hit)
The zap misses the hobgoblin.
A rat comes into view.
The hobgoblin hits you.
Aim: a hobgoblin (severely wounded, 68% to hit)
The zap hits the hobgoblin.
The zap hits the rat.
You kill the rat!
The hobgoblin closely misses you.
You closely miss the hobgoblin. The hobgoblin misses you.
You barely miss the hobgoblin. You claw the hobgoblin.
You kill the hobgoblin!
A rat comes into view.
You barely miss the rat. You peck the rat, but do no damage. You hit the rat.
The rat completely misses you.
You hit the rat but do no damage. The rat closely misses you.
You hit the rat. You claw the rat, but do no damage.
The rat closely misses you.
You closely miss the rat. You claw the rat, but do no damage.
The rat bites you.
You hit the rat.
You kill the rat!
No target in view!
A giant cockroach and a kobold come into view.
The kobold shouts!
There are monsters nearby!
Found a robe.
The giant cockroach misses you.
You closely miss the giant cockroach.
You claw the giant cockroach, but do no damage.
The giant cockroach bites you but does no damage.
The kobold throws a stone.
The stone closely misses you. The giant cockroach closely misses you.
You hit the giant cockroach. You claw the giant cockroach.
You peck the giant cockroach.
You kill the giant cockroach!
The kobold barely misses you.
You barely miss the kobold.
The kobold hits you with a +3 short sword.
You closely miss the kobold. Your kick misses the kobold.
The kobold barely misses you.
You closely miss the kobold. You peck the kobold. The kobold misses you.
The kobold throws a stone.
The stone hits you.
* * * LOW HITPOINT WARNING * * *
The kobold throws a stone.
The stone hits you.
You die...

#######...... ...##
........... ....
.#######.#######..#
.'................#
.#######..#####...###
.# ##.# #.....# .#
#.#####...# # .#
#.#......##.# .##
#...####@...#
............#.##.####
..########..#.†...#
..# #..#..#K.# ..#
#..##.#..# #.#
#........# ...
#.....#..# ..
#........# .....[....


You could see a kobold.

Vanquished Creatures
  2 ball pythons (D:1)
  2 endoplasms (D:1)
  A giant cockroach (D:1)
  2 goblins (D:1)
  2 hobgoblins (D:1)
  A frilled lizard (D:1)
  3 rats (D:1)
13 creatures vanquished.

Notes
Turn   | Place    | Note
-------+----------+-------------------------------------------
     0 | D:1      | growler the Tengu Air Elementalist began the quest for the
                  | Orb.
     0 | D:1      | Reached XP level 1. HP: 10/10 MP: 4/4
   117 | D:1      | Reached XP level 2. HP: 15/15 MP: 0/6
   120 | D:1      | Learned a level 2 spell: Static Discharge
   400 | D:1      | Hit by a stone thrown by a kobold

Illustrated notes

Levels and vault maps discovered:
D:1:      scummos_arrival_checkerplants, layout_basic

Skill      XL: |  1  2 |
---------------+-------+-----
Conjurations   | 2 |  2.2
Dodging        | |  2.1
Stealth        | |  2.0
Spellcasting   | |  2.3
Air Magic      | |  4.3

Action                   || total
-------------------------++-------
Melee: Unarmed           ||    13
       Kick              ||     5
       Peck              ||     3
 Cast: Shock             ||    19
Armor: Robe              ||     1
Dodge: Dodged            ||    11
